 Dungeon Crawl Stone Soup version 0.26-a0-778-g3fe0686644 (webtiles) character file.

Game seed: 9996747406933740802

385 robertstho the Slinger (level 7, -4/46 HPs)
             Began as a Halfling Hunter on Nov 10, 2020.
             Killed by divine providence
             ... invoked by an orc priest
              (15 damage)
             ... on level 4 of the Dungeon.
             The game lasted 00:03:50 (2733 turns).

robertstho the Slinger (Halfling Hunter)            Turns: 2733, Time: 00:03:50

Health: -4/46      AC: 11    Str: 15    XL:     7   Next: 6%
Magic:  7/7        EV:  9    Int:  9    God:
Gold:   268        SH:  0    Dex: 15    Spells: 6/6 levels left

rFire    . . .     SeeInvis .   a - +1 hunting sling
rCold    . . .     Faith    .   (shield restricted)
rNeg     . . .     Spirit   .   p - +0 chain mail (curse)
rPois    .         Reflect  .   s - +0 helmet
rElec    .         Harm     .   g - scarf {+Inv}
rCorr    .         Rampage  .   (no gloves)
MR       .....                  x - +1 pair of boots
Stlth    ..........             (no amulet)
HPRegen  0.15/turn              (no ring)
MPRegen  0.10/turn              (no ring)

@: no status effects
A: small, mutation resistance 1
a: Evoke Invisibility


You were on level 4 of the Dungeon.
You visited 1 branch of the dungeon, and saw 4 of its levels.

You collected 268 gold pieces.

Inventory:

Hand Weapons
 a - a +1 hunting sling (weapon)
 h - a +0 dagger of protection
Missiles
 d - 14 sling bullets (quivered)
 k - 130 stones
Armour
 g - a scarf of invisibility (worn)
 m - a +0 scale mail
 p - a cursed +0 chain mail (worn)
 s - a +0 helmet (worn)
 w - a cursed +0 chain mail
 x - a +1 pair of boots (worn)
Scrolls
 i - 2 scrolls of enchant weapon {unknown}
 l - 4 scrolls of magic mapping {unknown}
 n - 3 scrolls of teleportation {unknown}
 o - 4 scrolls of identify {unknown}
 q - a scroll of fear {unknown}
 t - a scroll of immolation {unknown}
 u - a scroll of blinking {unknown}
 v - 2 scrolls of remove curse {unknown}
 y - a scroll of enchant armour {unknown}
Potions
 b - 2 potions of curing
 c - 2 potions of degeneration {unknown}
 e - a potion of cancellation {unknown}
 f - 2 potions of haste {unknown}
 j - 3 potions of heal wounds {unknown}
 r - a potion of attraction {unknown}
 z - a potion of brilliance {unknown}


   Skills:
 + Level 3.1 Fighting
 + Level 9.7 Slings
 + Level 2.0 Armour
 + Level 2.3 Dodging
 + Level 1.7 Stealth


You had 6 spell levels left.
You didn't know any spells.
Your spell library was empty.

Dungeon Overview and Level Annotations

Branches:
Dungeon (4/15)
 Temple: D:4-7

Altars:
Fedhas

Annotations:
D:2 exclusion: oklob plant


Innate Abilities, Weirdness & Mutations

You are small and have problems with some larger weapons.
You are somewhat resistant to further mutation.


Message History

You shoot a sling bullet.
The sling bullet barely misses the orc priest.
You shoot a sling bullet. The sling bullet hits the orc priest!
The orc priest is severely wounded.
The orc priest hits you with a +0 mace. The orc hits you but does no damage.
You shoot a sling bullet.
The sling bullet hits the orc priest but does no damage.
The orc priest is severely wounded.
The orc warrior hits you from afar with a +0 halberd!
The orc priest hits you but does no damage.
The orc closely misses you.
You are too injured to fight recklessly!
You are too injured to fight recklessly!
You are too injured to fight recklessly!
The orc priest calls down the wrath of Beogh upon you.
Beogh smites you!
* * * LOW HITPOINT WARNING * * *
The orc priest mumbles some strange prayers to Beogh against you.
Beogh smites you!
You die...

........# ........# ... ..#
........# .... ...#
........####..# #..#
####+#.....#.>###..#######.
.# #...†.#...............
.# #.....#...............
.# #.....#...............
.# #.....#....@..........
.# #..†..'...............
.# #.....#.........).....
## #.....######....###.. ##
####
###.......##...o#########..
...#
#.......#................
...#
#.......#.....oo.........
...#
#.......#................
..##
#.......###...###...####


You could see an orc warrior, an orc priest and an orc.

Vanquished Creatures
  A scorpion (D:4)
  A jelly (D:2)
  2 orc priests (D:4)
  2 orc wizards (D:4)
  A worker ant (D:4)
  3 gnolls (D:3)
  2 adders (D:3)
  2 oozes (D:3)
  A worm (D:4)
  3 dart slugs (D:1)
  8 leopard geckos
  7 orcs (D:4)
  3 giant cockroaches (D:1)
  9 goblins
  8 hobgoblins
  6 jackals (D:4)
  7 kobolds
  2 ball pythons
  A ball python skeleton (D:4)
  14 bats
  10 frilled lizards
  7 rats
100 creatures vanquished.

Vanquished Creatures (others)
  5 plants (D:1)
  22 toadstools (D:2)
27 creatures vanquished.

Grand Total: 127 creatures vanquished

Notes
Turn   | Place    | Note
-------+----------+-------------------------------------------
     0 | D:1      | robertstho the Halfling Hunter began the quest for the Orb.
     0 | D:1      | Reached XP level 1. HP: 14/14 MP: 1/1
    16 | D:1      | Reached skill level 6 in Slings
    34 | D:1      | Reached XP level 2. HP: 19/19 MP: 2/2
   239 | D:1      | Reached XP level 3. HP: 24/24 MP: 3/3
   269 | D:1      | Reached skill level 7 in Slings
   649 | D:2      | Reached XP level 4. HP: 29/29 MP: 4/4
  1135 | D:2      | Reached skill level 8 in Slings
  1206 | D:2      | Found a blossoming altar of Fedhas.
  1219 | D:2      | Noticed an oklob plant
  1498 | D:3      | Reached XP level 5. HP: 34/34 MP: 5/5
  2244 | D:4      | Reached XP level 6. HP: 41/41 MP: 6/6
  2249 | D:4      | Reached skill level 9 in Slings
  2250 | D:4      | Reached skill level 1 in Armour
  2703 | D:4      | Noticed an orc warrior
  2711 | D:4      | Reached XP level 7. HP: 46/46 MP: 7/7
  2733 | D:4      | Killed from afar by an orc priest

Illustrated notes

Levels and vault maps discovered:
D:1:      heliophobic_arrival_battle_scene, layout_rooms, minmay_lizard_king
D:2:      layout_loops_ring, tgw_fedhas
D:3:      minmay_wonky_spiral, layout_rooms
D:4:      layout_gridville

Skill      XL: |  1  2  3  4  5  6 |
---------------+-------------------+-----
Slings         | 6 7 8 9 |  9.7
Fighting       | 2 3 |  3.1
Armour         | 2 |  2.0
Dodging        | |  2.3
Stealth        | |  1.7

Action                   |  1- 3 |  4- 6 |  7- 9 || total
-------------------------+-------+-------+-------++-------
 Fire: Hunting sling     |    73 |   189 |     7 ||   269
Armor: Leather armour    |     3 |       |       ||     3
       Chain mail        |       |    21 |     2 ||    23
Dodge: Dodged            |    10 |    23 |     1 ||    34

Table legend: (Time is in decaauts)
 A = Elapsed time spent in this place.
 B = Non-inter-level travel time spent in this place.
 C = Inter-level travel time spent in this place.
 D = Time resting spent in this place.
 E = Time spent auto-exploring this place.
 F = Levels seen in this place.
 G = Mean time per level.
                   A        B        C        D        E       F      G
               +--------+--------+--------+--------+--------+-----+--------+
         Total |   2678 |   2571 |    107 |      0 |   2093 |   4 |  669.5 |
       Dungeon |   2678 |   2571 |    107 |      0 |   2093 |   4 |  669.5 |
               +--------+--------+--------+--------+--------+-----+--------+

Top non-repeatable levels by time:
     D:2: 842 daAuts
     D:3: 740 daAuts
     D:1: 574 daAuts
     D:4: 521 daAuts
